 Dungeon Crawl Stone Soup version 0.29-a0-25-g7f48f510a0 (webtiles) character file.

Game seed: 16807511155008618923

22252 lunkers the Carver (level 12, -4/165 HPs)
             Began as a Palentonga Fighter on Jan 31, 2022.
             Was a High Priest of Okawaru.
             Slain by an orc warrior (31 damage)
             ... led by an orc knight
             ... on level 1 of the Orcish Mines.
             The game lasted 00:18:02 (14090 turns).

lunkers the Carver (Palentonga Fighter)            Turns: 14090, Time: 00:18:03

Health: -4/165     AC: 20    Str: 28    XL:     12   Next: 61%
Magic:  13/15      EV: 12    Int:  8    God:    Okawaru [*****.]
Gold:   394        SH:  0    Dex: 20    Spells: 11/11 levels left

rFire   . . .      SeeInvis +   a - +8 triple sword "Fiz Tofia" {drain, *Rage rC+++ Str+4 Dex+3}
rCold   + + +      Faith    .   (shield currently unavailable)
rNeg    . . .      Spirit   .   e - +0 acid dragon scales
rPois   .          Reflect  .   (no helmet)
rElec   .          Harm     .   y - +2 cloak {rCorr}
rCorr   +          Rampage  .   i - +1 pair of gloves
Will    .....      Rage     20% (no barding)
Stlth   ..........              K - amulet "Molaplei" {Regen+ rCorr Stlth+}
HPRegen 1.17/turn               q - +6 ring of dexterity
MPRegen 0.14/turn               s - +4 ring of slaying

@: berserking, heroic, curled up, very quick
A: large, rugged brown scales 3, see invisible, deformed body, roll 1, armoured
tail, reflexive curl
a: Rolling Charge, Renounce Religion, Heroism, Finesse, Duel


You were on level 1 of the Orcish Mines.
You worshipped Okawaru.
Okawaru was extremely pleased with you.
You visited 4 branches of the dungeon, and saw 15 of its levels.
You also visited: Sewer.

You collected 754 gold pieces.
You spent 360 gold pieces at shops.

Inventory:

Hand Weapons
 a - the +8 triple sword "Fiz Tofia" (weapon) {drain, *Rage rC+++ Str+4 Dex+3}
   (You bought it in a shop on level 1 of the Dungeon)

   A truly terrible weapon, it drains the life of any living foe it strikes.
   Str:       It affects your strength (+4).
   Dex:       It affects your dexterity (+3).
   rC:        It renders you almost immune to cold.
   *Rage:     It berserks you when you make melee attacks (+20% chance).
 d - a +0 broad axe
 j - a +1 vorpal scimitar
 L - the +7 trident of Honour {pain, *Rage rC+ rCorr Str+4}
   (You found it on level 8 of the Dungeon)

   In the hands of one skilled in necromantic magic, it inflicts extra damage on
   living creatures.
   Str:       It affects your strength (+4).
   rC:        It protects you from cold.
   *Rage:     It berserks you when you make melee attacks (+20% chance).
   rCorr:     It protects you from acid and corrosion.
 N - a +0 war axe
Armour
 c - a +0 buckler
 e - +0 acid dragon scales (worn)
 h - a +0 plate armour
 i - a +1 pair of gloves (worn)
 y - a +2 cloak of preservation (worn)
 V - a +2 buckler of protection
Jewellery
 o - a ring of fire
 q - a +6 ring of dexterity (left hand)
 s - a +4 ring of slaying (right hand)
 u - a ring of protection from fire
 x - an amulet of magic regeneration
 G - a ring of flight
 K - the amulet "Molaplei" (around neck) {Regen+ rCorr Stlth+}
   (You found it on level 8 of the Dungeon)

   [amulet of regeneration]

   Regen:     It increases your rate of health regeneration.
   rCorr:     It protects you from acid and corrosion.
   Stlth:     It makes you more stealthy.
 O - an amulet of faith
 P - a ring of magical power
 W - an amulet of reflection
Wands
 b - a wand of flame (28)
 f - a wand of polymorph (21)
 R - a wand of digging (14)
 X - a wand of paralysis (8)
Scrolls
 k - 3 scrolls of fog
 m - 4 scrolls of blinking
 n - a scroll of immolation
 p - 3 scrolls of teleportation
 t - 4 scrolls of fear {unknown}
 w - 3 scrolls of holy word {unknown}
 C - a scroll of amnesia {unknown}
 D - 2 scrolls of acquirement {unknown}
 I - a scroll of enchant weapon {unknown}
 T - 2 scrolls of enchant armour
 U - a scroll of vulnerability {unknown}
Potions
 g - a potion of brilliance
 r - 3 potions of magic
 v - a potion of flight
 z - 4 potions of curing
 A - 3 potions of mutation
 B - a potion of lignification
 E - 4 potions of cancellation
 F - 2 potions of berserk rage
 H - a potion of ambrosia
 J - a potion of invisibility {unknown}
 M - 2 potions of heal wounds
 Q - a potion of haste
 S - 3 potions of attraction {unknown}


   Skills:
 - Level 12.5(17.5) Fighting
 * Level 13.3(18.3) Long Blades
 - Level 11.2(16.2) Axes
 - Level 2.4(7.4) Armour
 - Level 2.4(7.4) Shields
 - Level 4.0 Invocations


You had 11 spell levels left.
You didn't know any spells.
Your spell library contained the following spells:

 Spells                   Type           Power      Damage    Failure   Level
 Sting                    Tmut/Pois      0%         1d3       45%         1
 Ensorcelled Hibernation  Hex/Ice        0%         N/A       58%         2
 Passwall                 Tmut/Erth      0%         N/A       58%         2
 Poisonous Vapours        Pois/Air       0%         N/A       58%         2
 Static Discharge         Conj/Air       0%         N/A       58%         2
 Swiftness                Air            0%         N/A       83%         3
 Cause Fear               Hex            0%         N/A       99%         4
 Leda's Liquefaction      Hex/Erth       0%         N/A       99%         4
 Olgreb's Toxic Radiance  Pois           0%         N/A       99%         4
 Lee's Rapid Deconstruct  Erth           0%         3d5*      100%        5
 Lightning Bolt           Conj/Air       0%         1d11      100%        5
 Statue Form              Tmut/Erth      0%         N/A       100%        6
 Dragon Form              Tmut           0%         N/A       100%        7
 Maxwell's Capacitive Co  Air            0%         ∞         100%        8
 Dragon's Call            Summ           Unusable   N/A       N/A         9

Dungeon Overview and Level Annotations

Branches:
Dungeon (11/15)            Temple (1/1) D:7            Lair (2/6) D:11
    Orc (1/2) D:9           Sewer (visited)
  Swamp: Lair:2-4    Shoals: Lair:2-4     Snake: Lair:2-4    Spider: Lair:2-4

Altars:
Ashenzari
Cheibriados
Dithmenos
Elyvilon
Fedhas
Gozag
Hepliaklqana
Kikubaaqudgha
Makhleb
Nemelex Xobeh
Okawaru
Qazlal
Ru
Sif Muna
Trog
Uskayaw
Vehumet
Wu Jian
Yredelemnul
Zin
The Shining One

Shops:
D:1 :*=(:   D:2 *!   D:6 *   D:11 =[((

Annotations:
D:11 3 runed translucent doors, exclusion: orange crystal statue, timneilson's ghost, journeyman GrFi


Innate Abilities, Weirdness & Mutations

You are completely covered in rugged brown scales. (AC +3, +7% HP)
You have supernaturally acute eyesight. (SInv)
Armour fits poorly on your strangely shaped body.
You can roll at nearby foes to attack.
You have a long armoured tail.
You curl defensively after being hit. (AC +7*)


Message History

The orc knight is severely wounded.
The orc warrior hits you from afar with a +0 glaive!
The orc wizard points at you and mumbles some strange words.
You easily resist.
The orc warrior hits you with a +0 battleaxe.
The orc knight hits you with a +0 war axe!!
* * * LOW HITPOINT WARNING * * *
The orc closely misses you.
The orc warrior hits you from afar with a +0 glaive!!
* * * LOW HITPOINT WARNING * * *
You gain the combat prowess of a mighty hero.
The orc wizard hits you but does no damage.
The orc warrior hits you with a +0 battleaxe.
* * * LOW HITPOINT WARNING * * *
The orc knight barely misses you. The orc hits you but does no damage.
The orc warrior misses you.
You slice the orc knight!!
You kill the orc knight!
Okawaru accepts your kill.
The orc wizard hits you with a +0 dagger.
* * * LOW HITPOINT WARNING * * *
The orc warrior hits you with a +0 battleaxe!
* * * LOW HITPOINT WARNING * * *
The orc barely misses you.
A red film seems to cover your vision as you go berserk!
You feel yourself moving faster!
You feel mighty!
You slice the orc wizard!!
You kill the orc wizard!
Okawaru accepts your kill. The orc warrior barely misses you.
The orc warrior closely misses you.
The orc wizard gestures at you while chanting.
The magic dart hits you!
* * * LOW HITPOINT WARNING * * *
The orc closely misses you. The orc hits you but does no damage.
There is a staircase back to the Dungeon, spattered with blood here.
Things that are here:
a +0 dagger; a +0 robe; an orc corpse You feel a strong urge to attack something.
The orc warrior hits you from afar with a +0 glaive!!
You die...

## ##. #..
##..#### #
#....#.#.##
#...#....#
#..@oo..>#
#...o...##
#...oo.o.#
###.#.......
####.....#
..#.## .#..#
.....


You could see 3 orc warriors, an orc wizard (strong, invisible) and 2 orcs.

Vanquished Creatures
  2 centaur warriors
  4 two-headed ogres
  2 tengu warriors (D:11)
  Sonja (D:11)
  A skeletal warrior (D:11)
  Pikel (D:7)
  2 orc knights
  An ugly thing (D:11)
  A cyclops (D:11)
  9 centaur zombies
  Joseph (D:7)
  2 cane toads (Lair:1)
  Maggie (D:6)
  3 komodo dragons (Lair:1)
  A kobold demonologist (D:11)
  A polar bear (Lair:1)
  5 blink frogs (Lair:1)
  A meliai zombie (D:11)
  Sigmund (D:6)
  A vampire (D:11)
  2 shadows
  2 wyverns
  A wraith (D:11)
  A steam dragon (D:9)
  8 yaks
  A vampire mosquito (D:11)
  Grum (D:8)
  A basilisk (D:11)
  2 acid dragons (D:11)
  4 water moccasins
  3 orc warriors
  8 necrophages
  7 wolves
  3 ogres
  6 centaurs
  2 phantoms
  2 lemures (D:7)
  A kobold brigand (D:11)
  10 bullfrogs
  A scorpion (D:5)
  A water moccasin zombie (D:6)
  A gnoll sergeant (D:8)
  A wyvern skeleton (D:6)
  6 wights
  3 electric eels (D:11)
  4 howler monkeys
  A bullfrog zombie (D:6)
  A gnoll shaman (D:7)
  A hound (D:7)
  5 jellies
  5 orc priests
  Crazy Yiuf (D:4)
  2 bullfrog skeletons (D:6)
  Terence (D:3)
  An iguana (D:4)
  Natasha (D:2)
  4 orc wizards
  A killer bee zombie (D:5)
  A mummy (D:11)
  A howler monkey zombie (D:7)
  4 howler monkey skeletons
  9 gnolls
  9 adders
  2 shadow imps
  A white imp (D:8)
  3 worms (D:3)
  3 dart slugs
  19 orcs
  19 ball pythons
  15 endoplasms
  6 giant cockroaches
  11 hobgoblins
  5 jackals
  9 quokkas
  8 bats
  12 frilled lizards
  5 goblins
  17 kobolds
  8 rats
314 creatures vanquished.

Vanquished Creatures (others)
  2 fungi (Lair:1)
  A plant (Lair:1)
  4 withered plants (D:11)
7 creatures vanquished.

Grand Total: 321 creatures vanquished

Notes
Turn   | Place    | Note
-------+----------+-------------------------------------------
     0 | D:1      | lunkers the Palentonga Fighter began the quest for the Orb.
     0 | D:1      | Reached XP level 1. HP: 19/19 MP: 1/1
    75 | D:1      | Found Gekk's Book Emporium.
    82 | D:1      | Found Hetsihye's Antique Weapon Shop.
   139 | D:1      | Found Ritue's Assorted Antiques.
   240 | D:1      | Reached XP level 2. HP: 25/25 MP: 2/2
   523 | D:1      | Found Wumeb's Book Shoppe.
   540 | D:1      | Reached XP level 3. HP: 24/31 MP: 3/3
  1028 | D:1      | Found Plog's Jewellery Shop.
  1147 | D:2      | Found Puinnuth's Distillery.
  1478 | D:2      | Reached XP level 4. HP: 39/39 MP: 4/4
  1599 | D:2      | Found Baneoqeku's General Store.
  1720 | D:2      | Found a broken altar of Ashenzari.
  1847 | D:2      | Noticed Natasha
  1849 | D:2      | Killed Natasha
  2300 | D:3      | Noticed Terence
  2380 | D:3      | Killed Terence
  2381 | D:3      | Reached XP level 5. HP: 36/46 MP: 5/5
  2565 | D:3      | Found a glowing drain.
  2573 | Sewer    | Entered a sewer
  2984 | Sewer    | Reached skill level 5 in Fighting
  2984 | Sewer    | Reached XP level 6. HP: 52/54 MP: 6/6
  2988 | Sewer    | Reached skill level 5 in Axes
  3992 | D:4      | Found a runed translucent door.
  3993 | D:4      | Noticed Crazy Yiuf
  4564 | D:4      | Paralysed by Crazy Yiuf for 4 turns
  4568 | D:4      | Killed Crazy Yiuf
  4569 | D:4      | Gained mutation: You curl defensively after being hit. (AC
                  | +7*) [Palentonga growth]
  4569 | D:4      | Reached XP level 7. HP: 13/59 MP: 7/7
  4946 | D:5      | Entered Level 5 of the Dungeon
  5921 | D:6      | Found Echise's Assorted Antiques.
  5996 | D:6      | Noticed Maggie
  6005 | D:6      | Killed Maggie
  6006 | D:6      | Reached XP level 8. HP: 49/71 MP: 8/8
  6301 | D:6      | Identified the +1 robe of Evolution {+Blink Regen+ SInv
                  | Stlth-}
  6452 | D:6      | Noticed Sigmund
  6459 | D:6      | Killed Sigmund
  6611 | D:6      | Reached XP level 9. HP: 52/80 MP: 9/9
  7353 | D:7      | Noticed Joseph
  7373 | D:7      | Killed Joseph
  7806 | D:7      | Reached skill level 10 in Fighting
  7836 | D:7      | Reached skill level 10 in Axes
  8291 | D:7      | Found a staircase to the Ecumenical Temple.
  8668 | D:7      | Noticed Pikel
  8680 | D:7      | Killed Pikel
  8681 | D:7      | Reached XP level 10. HP: 56/93 MP: 10/10
  9036 | Temple   | Entered the Ecumenical Temple
  9642 | Temple   | Became a worshipper of Warmaster Okawaru
  9708 | D:8      | Identified the amulet "Molaplei" {Regen+ rCorr Stlth+}
  9721 | D:8      | Identified the +7 trident of Honour {pain, *Rage rC+ rCorr
                  | Str+4}
  9727 | D:8      | Noticed Grum
  9762 | D:8      | Noticed a centaur warrior
  9779 | D:8      | Killed a centaur warrior
  9779 | D:8      | Reached * piety under Okawaru
 10031 | D:8      | Noticed a two-headed ogre
 10068 | D:8      | Killed a two-headed ogre
 10219 | D:8      | Killed Grum
 10449 | D:1      | Bought a jewelled triple sword for 360 gold pieces
 10449 | D:1      | Identified the +8 triple sword "Fiz Tofia" {drain, *Rage
                  | rC+++ Str+4 Dex+3} (You bought it in a shop on level 1 of
                  | the Dungeon)
 10643 | D:9      | Reached skill level 1 in Long Blades
 10782 | D:9      | Reached skill level 2 in Long Blades
 10782 | D:9      | Reached skill level 1 in Invocations
 10836 | D:9      | Noticed a two-headed ogre
 10841 | D:9      | Killed a two-headed ogre
 10841 | D:9      | Reached ** piety under Okawaru
 10842 | D:9      | Reached skill level 3 in Long Blades
 10846 | D:9      | Reached XP level 11. HP: 50/102 MP: 10/12
 10989 | D:9      | Identified the +0 robe "Bifau" {rPois rN+ Dex-3}
 10993 | D:9      | Found a staircase to the Orcish Mines.
 11219 | D:10     | Entered Level 10 of the Dungeon
 11271 | D:10     | Reached *** piety under Okawaru
 11272 | D:10     | Reached skill level 4 in Long Blades
 11668 | D:10     | Reached skill level 5 in Long Blades
 11890 | D:11     | Noticed an orc knight
 11907 | D:11     | Killed an orc knight
 11981 | D:11     | Reached skill level 6 in Long Blades
 12003 | D:11     | Noticed a tengu warrior
 12016 | D:11     | Killed a tengu warrior
 12016 | D:11     | Reached **** piety under Okawaru
 12160 | D:11     | Found Bitwask's Antique Armour Emporium.
 12179 | D:11     | Found a staircase to the Lair.
 12182 | D:11     | Reached skill level 7 in Long Blades
 12188 | D:11     | Noticed a tengu warrior
 12191 | D:11     | Killed a tengu warrior
 12198 | D:11     | Reached skill level 8 in Long Blades
 12213 | D:11     | Noticed a cyan ugly thing
 12214 | D:11     | Killed a cyan ugly thing
 12250 | D:11     | Noticed a two-headed ogre
 12253 | D:11     | Killed a two-headed ogre
 12253 | D:11     | Reached ***** piety under Okawaru
 12254 | D:11     | Reached skill level 9 in Long Blades
 12379 | D:11     | Noticed an orange crystal statue
 12388 | D:11     | Noticed a two-headed ogre
 12398 | D:11     | Killed a two-headed ogre
 12477 | D:11     | Reached skill level 10 in Long Blades
 12479 | D:11     | Noticed a centaur warrior
 12487 | D:11     | Killed a centaur warrior
 12488 | D:11     | Reached XP level 12. HP: 88/110 MP: 15/15
 12551 | D:11     | Received a gift from Okawaru
 12560 | D:11     | Found Urghag's Jewellery Boutique.
 12695 | D:11     | Found Matric's Weapon Emporium.
 12707 | D:11     | Found Gizoec's Weapon Emporium.
 12708 | D:11     | Noticed Sonja
 12714 | D:11     | Killed Sonja
 12715 | D:11     | Reached skill level 11 in Long Blades
 12770 | D:11     | Found a runed translucent gate.
 12770 | D:11     | Found a runed translucent gate.
 12770 | D:11     | Found a runed translucent gate.
 12770 | D:11     | Noticed a two-headed ogre
 12770 | D:11     | Noticed a two-headed ogre
 12772 | D:11     | Noticed a minotaur
 12773 | D:11     | Noticed timneilson's ghost (journeyman GrFi)
 13160 | Lair:1   | Entered Level 1 of the Lair of Beasts
 13403 | Lair:1   | Reached skill level 12 in Long Blades
 13710 | Lair:1   | Reached skill level 13 in Long Blades
 13980 | Lair:2   | Noticed a seven-headed hydra
 14079 | Orc:1    | Entered Level 1 of the Orcish Mines
 14090 | Orc:1    | Slain by an orc warrior

Illustrated notes

Levels and vault maps discovered:
D:1:      nzn_arrival_water_spiral, layout_basic, serial_shops,
          nicolae_shop_behind_doors, shop_statue, shop, shop, nicolae_shop_trees
D:2:      layout_basic, serial_shops, shop, nicolae_square_shop, basic_altar,
          uniq_natasha
D:3:      layout_basic, portal_sewer_entry_e, uniq_terence
D:4:      layout_cave_pods, uniq_crazy_yiuf_cottage
D:5:      layout_cave_pods, minmay_misc_feat_tower
D:6:      layout_loops_corners, serial_shops, shop, uniq_maggie, uniq_sigmund
D:7:      layout_basic, minmay_temple_entry_grid, minmay_chambers_of_fives,
          uniq_pikel, uniq_joseph
D:8:      layout_rooms, uniq_grum
D:9:      layout_basic, orc_0_dummy
D:10:     layout_roguey, nicolae_overflow_hidden_temple, amethyst_killhole,
          glass_columns_a
D:11:     minmay_inside_and_out, layout_loops_ring,
          maelrawn_ghost_gauntlet_escape, serial_undead, serial_undead_f,
          serial_undead_c, serial_undead_e, serial_undead_e, serial_undead_c,
          serial_undead_a, serial_shops, nicolae_shop_trees,
          nicolae_inconvenience_store, nicolae_shop_bloodbath_and_beyond,
          nicolae_stop_n_shop_2, minivault_16, tgw_xom, uniq_sonja
Temple:   mainiacjoe_temple_starburst
Lair:1:   layout_regular_city
Lair:2:   layout_cave_pods, basic_altar, uniq_harold
Orc:1:    layout_diamond_mine, gammafunk_ghost_stat_death, serial_shops,
          shop_coins, nicolae_specific_store, mines_bat_river

Skill      XL: |  1  2  3  4  5  6  7  8  9 10 11 12 |
---------------+-------------------------------------+-----
Axes           | 3 4 5 7 8 10 11 | 11.2
Fighting       | 4 5 7 8 11 12 | 12.5
Long Blades    | 3 10 13 | 13.3
Invocations    | 2 4 |  4.0
Armour         | |  2.4
Shields        | |  2.4

Action                   |  1- 3 |  4- 6 |  7- 9 | 10-12 || total
-------------------------+-------+-------+-------+-------++-------
Melee: War axe           |    93 |   212 |   181 |    81 ||   567
       Tailslap          |     8 |    14 |    29 |    43 ||    94
       Triple sword      |       |       |       |   192 ||   192
Invok: Heroism           |       |       |       |    12 ||    12
 Abil: Rolling Charge    |    29 |    51 |    34 |    69 ||   183
Evoke: Wand              |       |       |       |     3 ||     3
  Use: Potion            |       |     1 |     1 |       ||     2
       Scroll            |       |       |     8 |    10 ||    18
 Stab: Sleeping          |       |       |       |     1 ||     1
Armor: Scale mail        |    21 |       |       |       ||    21
       Plate armour      |    18 |   145 |    13 |       ||   176
       Acid dragon scale |       |       |    39 |   164 ||   203
Dodge: Dodged            |    23 |    31 |    44 |   135 ||   233
Block: Buckler           |    23 |    26 |    32 |    20 ||   101

Table legend: (Time is in decaauts)
 A = Elapsed time spent in this place.
 B = Non-inter-level travel time spent in this place.
 C = Inter-level travel time spent in this place.
 D = Time resting spent in this place.
 E = Time spent auto-exploring this place.
 F = Levels seen in this place.
 G = Mean time per level.
                   A        B        C        D        E       F      G
               +--------+--------+--------+--------+--------+-----+--------+
         Total |  14563 |  13291 |   1272 |    432 |  10859 |  16 |  910.2 |
       Dungeon |  12422 |  11340 |   1082 |    387 |   9321 |  11 | 1129.3 |
        Temple |    659 |    558 |    101 |      0 |    551 |   1 |  659.0 |
          Lair |    946 |    859 |     87 |     45 |    658 |   2 |  473.0 |
  Orcish Mines |     11 |     11 |      0 |      0 |      0 |   1 |   11.0 |
         Sewer |    522 |    522 |      0 |      0 |    328 |   1 |  522.0 |
               +--------+--------+--------+--------+--------+-----+--------+

Top non-repeatable levels by time:
     D:7: 1923 daAuts
     D:4: 1613 daAuts
    D:11: 1391 daAuts
     D:6: 1389 daAuts
     D:1: 1246 daAuts
     D:3: 1152 daAuts
     D:2: 974 daAuts
  Lair:1: 858 daAuts
     D:5: 777 daAuts
    D:10: 749 daAuts
     D:9: 680 daAuts
  Temple: 659 daAuts
     D:8: 524 daAuts
   Sewer: 522 daAuts
  Lair:2: 88 daAuts
